 Dungeon Crawl Stone Soup version 0.16-a0-670-g3b10be2 (webtiles) character file.

9 RobertPalmer the Sneak (level 2, -1/17 HPs)
             Began as an Octopode Ice Elementalist on Sept 19, 2014.
             Slain by a jackal (3 damage)
             ... on Level 1 of the Dungeon.
             The game lasted 00:00:43 (730 turns).

RobertPalmer the Sneak (Octopode Ice Elementalist)   Turns: 730, Time: 00:00:43

HP  -1/17        AC  1     Str  7      XL: 2   Next: 16%
MP   2/4         EV 12     Int 17      God:
Gold 66          SH  0     Dex 12      Spells:  1 memorised,  4 levels left

rFire  . . .     SeeInvis .     e - +0 dagger
rCold  . . .     Clarity  .     (no shield)
rNeg   . . .     rCorr    .     (helmet restricted)
rPois  .         rRot     .     (no amulet)
rElec  .         Spirit   .     (no ring)
SustAb .         Warding  .     (no ring)
rMut   .         Stasis   .     (no ring)
Gourm  .                        (no ring)
MR     .....                    (no ring)
                                (no ring)
                                (no ring)
                                (no ring)

@: not resistant to hostile enchantments, fairly stealthy
A: almost no armour, amphibious, 8 rings, constrict 8, camouflage 1, gelatinous
body 1
a: no special abilities


You were on level 1 of the Dungeon.
You were not hungry.

You visited 1 branch of the dungeon, and saw 1 of its levels.

You collected 66 gold pieces.


Innate Abilities, Weirdness & Mutations

You cannot wear most types of armour.
You are amphibious.
You can wear up to eight rings at the same time.
You can use your tentacles to constrict many enemies at once.
Your skin changes colour to match your surroundings (Stealth).
Your rubbery body absorbs attacks (AC +1).


   Skills:
 - Level 2.0 Dodging
 + Level 3.9 Stealth
 - Level 2.0 Spellcasting
   Level 1.0 Conjurations
 - Level 3.0 Ice Magic


You had 4 spell levels left.
You knew the following spells:

 Your Spells              Type           Power        Failure   Level  Hunger
z - Freeze                Ice            ##..         6%          1    #......

Inventory:

Hand weapons
 e - a +0 dagger (weapon)
Comestibles
 c - a bread ration
Scrolls
 d - 5 scrolls of identify {unknown}
Potions
 a - a potion of magic {unknown}
Books
 b - a book of Frost

Dungeon Overview and Level Annotations

Branches:
Dungeon (1/15)

Altars:

'....................#
#..............#.#####
#..............#.#
##.............#.#
#.............#.#
#.............#.###############
##.............................#
##.............#.###########.###
##.............#@# #.#
+.........)#.###h# #.#
##########.#.# #.# #.# # #...#
#.# #.# # ##..###.#### #.# #
#######.........# #.#
#####....###.###.##.# #.#
##...........# #.##.# #.#
##...........# #.##.# #.#


You could see a jackal.


Message History

You constrict the jackal.
The jackal bites you but does no damage.
Aiming: Freeze
Aim: a jackal (heavily wounded, constricted by you)
You freeze the jackal.
The jackal is severely wounded.
You constrict the jackal. The jackal bites you.
You release your grip on the jackal.
The jackal barely misses you.
You miss the jackal.
The jackal is almost dead.
The jackal misses you.
The jackal bites you but does no damage.
You hit the jackal but do no damage.
The jackal is almost dead.
The jackal bites you.
* * * LOW HITPOINT WARNING * * *
You hit the jackal.
You kill the jackal!
The jackal bites you.
* * * LOW HITPOINT WARNING * * *
You closely miss the jackal. You grab the jackal. The jackal bites you.
* * * LOW HITPOINT WARNING * * *
You hit the jackal but do no damage. You constrict the jackal.
The jackal bites you but does no damage.
You hit the jackal.
The jackal is severely wounded.
The jackal bites you.
* * * LOW HITPOINT WARNING * * *
The jackal bites you.
You die...

Action                   || total
-------------------------++-------
Melee: Unarmed           ||    14
       Dagger            ||    10
 Cast: Freeze            ||     3
 Stab: Sleeping          ||     2

Vault maps used:
D:1:      dpeg_arrival_chambers_temple_mockup, st_stairs_6,
          minmay_misc_feat_roman

Notes
Turn   | Place    | Note
--------------------------------------------------------------
     0 | D:1      | RobertPalmer, the Octopode Ice Elementalist, began the quest for the Orb.
     0 | D:1      | Reached XP level 1. HP: 11/11 MP: 3/3
   233 | D:1      | Reached skill level 3 in Stealth
   425 | D:1      | Reached XP level 2. HP: 12/17 MP: 4/4
   730 | D:1      | Slain by a jackal

Vanquished Creatures
  2 goblins (D:1)
  2 hobgoblins (D:1)
  A jackal (D:1)
  A kobold (D:1)
  2 rats (D:1)
8 creatures vanquished.
